[Event "*** MasterClass Titled Tuesday Blitz"]
[Site "Chess.com"]
[Date "2017.12.05"]
[Round "10"]
[White "mikelito7"]
[Black "ZABDIELBLANCO"]
[Result "0-1"]
[WhiteElo "1361"]
[BlackElo "1232"]
[TimeControl "180+2"]
[EndTime "16:29:01 PST"]
[Termination "ZABDIELBLANCO won on time"]

1. e4 e5 2. Bc4 Nf6 3. d3 h6 4. Be3 Be7 5. Qd2 c6 6. b4 d5 7. exd5 cxd5 8. Bb5+ Bd7 9. Bxd7+ Qxd7 10. d4 Nc6 11. c3 O-O 12. Nf3 e4 13. Bxh6 gxh6 14.
Ne5 Nxe5 15. dxe5 Ng4 16. h3 Bg5 17. Qd4 f6 18. hxg4 fxe5 19. Qxe5 Qxg4 20. Qg3 Qxg3 21.
fxg3 Rad8 22. a4 d4 23. cxd4 Rxd4 24. b5 b6 25. Na3 Bd2+ 26. Ke2 e3 27. Nb1 Rf2+ 28.
Kd1 Bc3+ 29. Kc1 Bxa1 30. Re1 Rc4+ 31. Kd1 Rd2+ 32. Nxd2 exd2 33. Re8+ Kf7 34. Rd8 Bc3 35. Rd7+ Ke6 36. Rxa7 Rg4 37. Ra6 Rxg3 38. Rxb6+ Kd5 0-1

[Event "*** MasterClass Titled Tuesday Blitz"]
[Site "Chess.com"]
[Date "2017.12.05"]
[Round "10"]
[White "chidori_boruto"]
[Black "likantrophuss"]
[Result "0-1"]
[WhiteElo "2517"]
[BlackElo "2471"]
[TimeControl "180+2"]
[EndTime "16:29:04 PST"]
[Termination "likantrophuss won by checkmate"]

1. d4 Nf6 2. Nf3 g6 3. Bf4 Bg7 4. e3 O-O 5. Be2 d6 6. O-O c5 7.
c3 b6 8. a4 a6 9. h3 Bb7 10.
Qb3 Nbd7 11. Rd1 cxd4 12. cxd4 a5 13. Nc3 Nb8 14. Rac1 Nc6 15. e4 Nb4 16. e5 Nfd5 17. Bg3 Rc8 18. exd6 exd6 19. Nb5 Rxc1 20. Rxc1 Ba6 21.
Bc4 Bxb5 22. Bxb5 Bh6 23. Re1 Qf6 24. Qc4 Bf4 25. Bh4 g5 26. Bg3 h5 27. Qe2 h4 28. Bxf4 Nxf4 29. Qe7 Kg7 30. Nxg5 Qxe7 31. Rxe7 Kf6 32. Rb7 Kxg5 33. Rxb6 Rc8 34. g3 hxg3 35.
fxg3 Rc1+ 36. Kh2 Rc2+ 37. Kh1 Nxh3 38. Rxd6 Nf2+ 39. Kg1 Kg4 40. Rf6 Kxg3 41. Rxf7 Nd5 42. Rg7+ Ng4 43. Kf1 Nf4 44. Ke1 Kf3 45. Ba6 Ng2+ 46.
Kd1 N4e3# 0-1

[Event "*** MasterClass Titled Tuesday Blitz"]
[Site "Chess.com"]
[Date "2017.12.05"]
[Round "10"]
[White "champ2005"]
[Black "Margency"]
[Result "0-1"]
[WhiteElo "2432"]
[BlackElo "2492"]
[TimeControl "180+2"]
[EndTime "16:29:07 PST"]
[Termination "Margency won by resignation"]

1. e4 c5 2. Nf3 d6 3. d4 cxd4 4.
Nxd4 Nf6 5. Nc3 a6 6. h3 e6 7. g4 Nfd7 8. Bg2 Nc6 9. O-O Be7 10. Be3 O-O 11. Qd2 Qc7 12. f4 Nxd4 13. Bxd4 b5 14. e5 dxe5 15. Bxa8 exd4 16. Ne2 Nb6 17. Bg2 Nc4 18.
Qd3 Ne3 19. Nxd4 Nxf1 20. Rxf1 Rd8 21. c3 Bc5 22. Rd1 Qxf4 23. b4 Bb6 24. Kh1 e5 25. Rf1 Qh6 26. Qf3 Rf8 27. Nc6 Qe6 28. Qd5 Bc7 29.
Qc5 Bd6 30. Qd5 g6 31. a3 Kg7 32. Qd3 Bb7 33. Qd5 Qxd5 34. Bxd5 f5 35. gxf5 Rxf5 36. Rd1 Kf6 37. Be4 Ke6 38. Bd5+ Kd7 39. Ne7 Bxd5+ 40.
Nxd5 Ke6 41. Kg2 e4 42. Ne3 Rf3 43. Re1 Rg3+ 44. Kf2 Rxh3 45. Ng4 Bg3+ 46. Kg2 Bxe1 47. Kxh3 Bxc3 0-1

[Event "*** MasterClass Titled Tuesday Blitz"]
[Site "Chess.com"]
[Date "2017.12.05"]
[Round "10"]
[White "AndreyOstrovskiy"]
[Black "GameOverBro"]
[Result "1-0"]
[WhiteElo "2530"]
[BlackElo "2316"]
[TimeControl "180+2"]
[EndTime "16:29:17 PST"]
[Termination "AndreyOstrovskiy won by resignation"]

1. e4 d6 2. d4 Nf6 3. f3 e5 4. d5 Be7 5. c4 a5 6. Nc3 Nbd7 7. Be3 Nc5 8. Nge2 h6 9. Ng3 O-O 10. Qd2 Nh7 11. Qc2 Bg5 12. Bf2 Bd7 13. Nf5 g6 14. Ng3 f5 15. exf5 gxf5 16. Bxc5 dxc5 17. Bd3 Qf6 18. O-O Be3+ 19. Kh1 Ng5 20. Rae1 Bd4 21. f4 exf4 22. Rxf4 Rae8 23. Ref1 Be5 24. Nh5 Qd6 25. Rh4 Re7 26. g3 Ref7 27. Nf4 Bd4 28. Nce2 Ne4 29.
Nxd4 cxd4 30. Bxe4 fxe4 31. Qxe4 Bf5 32. Qxd4 c5 33. Qc3 Be4+ 34. Kg1 b6 35. Re1 Re8 36.
Rg4+ Kh7 37. Ne6 Bg6 38. Ng5+ hxg5 39. Rxe8 Rg7 40. Rxg5 Qd7 41. Re6 Qf7 42. Qf6 Qg8 43. Rh5+ 1-0

[Event "*** MasterClass Titled Tuesday Blitz"]
[Site "Chess.com"]
[Date "2017.12.05"]
[Round "10"]
[White "indfraeng"]
[Black "AndrewMcStone"]
[Result "0-1"]
[WhiteElo "1807"]
[BlackElo "2113"]
[TimeControl "180+2"]
[EndTime "16:29:18 PST"]
[Termination "AndrewMcStone won by resignation"]

1. d4 Nf6 2. c4 Nc6 3. d5 Ne5 4. e3 e6 5. Nc3 Bb4 6. Nf3 Nxf3+ 7. Qxf3 O-O 8. a3 Bxc3+ 9. bxc3 e5 10. e4 Ne8 11.
Bd3 d6 12. O-O Qf6 13. Qg3 Qg6 14. Qh4 f5 15. exf5 Bxf5 16. Bxf5 Qxf5 17. f4 Qe4 18.
Qe7 Qxc4 19. Qe6+ Kh8 20. Bd2 Nf6 21. fxe5 Rae8 22. exf6 Rxe6 23. dxe6 Qxe6 24. Rae1 Qf7 25. Bg5 h6 26. Re7 hxg5 27. Rxf7 Rxf7 28. fxg7+ Kxg7 29. Rxf7+ Kxf7 30. Kf2 Kf6 31. Ke3 Ke5 32.
g3 g4 33. c4 c6 34. a4 b6 35. Kd3 a6 36. Kc3 b5 37. axb5 axb5 38. cxb5 cxb5 39.
Kd3 d5 40. Ke3 b4 41. Kd3 d4 42. Kc4 Ke4 43. Kxb4 d3 44. Kc3 Ke3 45. Kb2 d2 46. Kc2 Ke2 0-1

[Event "*** MasterClass Titled Tuesday Blitz"]
[Site "Chess.com"]
[Date "2017.12.05"]
[Round "10"]
[White "jefferyx"]
[Black "chito89"]
[Result "0-1"]
[WhiteElo "2754"]
[BlackElo "2636"]
[TimeControl "180+2"]
[EndTime "16:29:23 PST"]
[Termination "chito89 won on time"]

1. d4 Nf6 2. c4 e6 3. Nf3 Bb4+ 4. Bd2 a5 5. a3 Bxd2+ 6. Qxd2 b6 7. Nc3 Bb7 8. Qc2 d5 9. cxd5 exd5 10. g3 O-O 11. Bg2 c5 12. O-O Nbd7 13. Rfd1 Rc8 14. Rac1 Qe7 15.
e3 c4 16. Qf5 Rfd8 17. Nd2 Nf8 18. Qb1 Bc6 19. a4 h5 20. b3 cxb3 21. Qxb3 Rb8 22. Nb5 Rdc8 23. Nf3 Ng6 24. Ne5 Nxe5 25. dxe5 Ne4 26.
Bxe4 dxe4 27. Nd6 Rc7 28. Qc3 Bxa4 29. Qxc7 Qxc7 30. Rxc7 Bxd1 31. Rxf7 b5 32. Ra7 b4 33. e6 Ba4 34. Nf5 b3 35. Ne7+ Kh7 36. Rxa5 g6 37. Nd5 b2 38. Ra7+ Kh6 39. Nc3 Rc8 40. Nb1 Rc1+ 41.
Kg2 Rxb1 42. Rxa4 Rc1 43. e7 b1=Q 0-1

[Event "*** MasterClass Titled Tuesday Blitz"]
[Site "Chess.com"]
[Date "2017.12.05"]
[Round "10"]
[White "Tash_Boy"]
[Black "TregubovP"]
[Result "0-1"]
[WhiteElo "2430"]
[BlackElo "2509"]
[TimeControl "180+2"]
[EndTime "16:29:30 PST"]
[Termination "TregubovP won by resignation"]

1. e4 c5 2. Nf3 e6 3. d4 cxd4 4.
Nxd4 Nc6 5. Nc3 Nf6 6. Ndb5 Bb4 7. Bf4 e5 8. Bg5 O-O 9. a3 Bxc3+ 10. Nxc3 h6 11. Bh4 d6 12. Be2 Be6 13. O-O g5 14.
Bg3 d5 15. exd5 Nxd5 16. Nxd5 Qxd5 17. Qxd5 Bxd5 18. Rad1 Rad8 19. Bb5 f6 20. Bxc6 Bxc6 21. f3 Kf7 22. Bf2 a6 23. Bb6 Rxd1 24. Rxd1 Rc8 25.
c3 Ke6 26. Kf2 Bd5 27. Ke3 Rc6 28. Bd8 Bb3 29. Rd2 f5 30. g3 Bd5 31. Kf2 Rc4 32. Bb6 h5 33. Ba5 g4 34. fxg4 hxg4 35. b3 Rc5 36.
Bb4 Rc6 37. c4 Be4 38. Ke3 b6 39. a4 a5 40. Ba3 Bf3 41. Rd8 Be4 42. Rd2 Bf3 43.
h4 Be4 44. Rh2 Rc7 45. h5 Rd7 46. Rd2 f4+ 47. gxf4 exf4+ 48. Ke2 f3+ 49. Ke3 Rxd2 50. Kxd2 f2 51. Ke2 g3 52. h6 Bd3+ 53. Ke3 f1=Q 54. h7 Bxh7 0-1

[Event "*** MasterClass Titled Tuesday Blitz"]
[Site "Chess.com"]
[Date "2017.12.05"]
[Round "10"]
[White "tteshan"]
[Black "HolyInquisitor0001"]
[Result "1-0"]
[WhiteElo "2035"]
[BlackElo "1674"]
[TimeControl "180+2"]
[EndTime "16:29:32 PST"]
[Termination "tteshan won by resignation"]

1. d4 Nf6 2. c4 g6 3. Nc3 Bg7 4.
e4 d6 5. Be2 O-O 6. Bg5 h6 7. Be3 Nc6 8. Qd2 Kh7 9. h4 Ng4 10.
Bxg4 Bxg4 11. f3 Bd7 12. g4 e5 13. d5 Na5 14. Qd3 c5 15. Nge2 Kg8 16. Ng1 a6 17. b3 Rb8 18. Qd2 b5 19. cxb5 axb5 20.
Bxh6 b4 21. Nce2 f6 22. Bxg7 Kxg7 23. h5 g5 24. Ng3 Kh6 25. N1e2 Bb5 26. Nf5+ Kh7 27. Ng1 Qb6 28. Nh3 Bd7 29. Ne7 Rb7 30. Ng6 Ra8 31. Rb1 Qd8 32. Nf2 Rba7 33. Rb2 Nb7 34. Nd3 Ra3 35. Nc1 R8a6 36. Qh2 Kh6 37. Qd2 Qe8 38. Nh4 Kh7 39. Nf5 Qd8 40. Qh2 Qf8 41.
h6 Be8 42. Ng7 Bg6 43. Ne6 Qe7 44. Qe2 Qd7 45. Nf8+ 1-0

[Event "*** MasterClass Titled Tuesday Blitz"]
[Site "Chess.com"]
[Date "2017.12.05"]
[Round "10"]
[White "chessking2151"]
[Black "JusticeBot"]
[Result "1-0"]
[WhiteElo "2371"]
[BlackElo "2516"]
[TimeControl "180+2"]
[EndTime "16:29:33 PST"]
[Termination "chessking2151 won on time"]

1. e4 e5 2. Nf3 Nc6 3. Bb5 a6 4. Ba4 Nge7 5. O-O g6 6. c3 Bg7 7.
d4 exd4 8. cxd4 b5 9. Bc2 O-O 10. Nc3 d6 11. h3 Bb7 12. d5 Na5 13. Rb1 Nc4 14. Nd2 Na3 15. bxa3 Bxc3 16. Nf3 Bg7 17. a4 c6 18. dxc6 Bxc6 19. axb5 axb5 20. a3 d5 21. e5 Qd7 22. Re1 Rfc8 23. Nd4 Bb7 24.
Bd3 Ba6 25. Bg5 Nc6 26. Nxc6 Qxc6 27. Bf1 h6 28. Bd2 Qc2 29. Bb4 Bf8 30. Qxd5 Qc6 31. Qb3 Qc2 32. Qg3 Bxb4 33. axb4 Rc3 34. f3 Bc8 35. Ra1 Rb8 36. Qf4 g5 37. Qf6 Rc6 38. Qd8+ Kg7 39. e6 Rxe6 40. Rxe6 fxe6 41. Qe7+ Kg6 42. Ra7 1-0

[Event "*** MasterClass Titled Tuesday Blitz"]
[Site "Chess.com"]
[Date "2017.12.05"]
[Round "10"]
[White "pulvettd"]
[Black "mikhaillushenkov"]
[Result "1-0"]
[WhiteElo "2303"]
[BlackElo "2587"]
[TimeControl "180+2"]
[EndTime "16:29:41 PST"]
[Termination "pulvettd won by resignation"]

1. d4 Nf6 2. c4 e6 3. Nf3 Bb4+ 4. Nbd2 d5 5. a3 Be7 6. Qc2 O-O 7. e4 dxe4 8. Nxe4 Nbd7 9. Bd3 Nxe4 10. Bxe4 Nf6 11. Bd3 c5 12. dxc5 Bxc5 13. b4 Be7 14. Bb2 g6 15.
Rd1 Bd7 16. Ne5 Qc7 17. Qc3 Rfd8 18. O-O Ba4 19. Rd2 Rac8 20. Ng4 e5 21. Nxe5 Nd5 22. Qd4 Nxb4 23. Qf4 f6 24. axb4 fxe5 25. Bxe5 Bd6 26. Bxd6 Qxd6 27. Qxd6 Rxd6 28. c5 Rd4 29. Ra2 Rxb4 30.
Rc1 Kg7 31. h3 a6 32. Re2 Rc7 33. Re4 Rxe4 34. Bxe4 b5 35. Kf1 g5 36. Ke2 Kf6 37. Ke3 Ke5 38. g3 h6 39. f4+ Kf6 40. Kd4 Rd7+ 41.
Ke3 Re7 42. c6 Rc7 43. Kd4 gxf4 44. gxf4 b4 45. Kc5 b3 46. Kb6 Rc8 47. c7 Bd7 48. Bb7 Bf5 49. Bxc8 b2 50. Rd1 b1=Q+ 51. Rxb1 Bxb1 52.
Bd7 1-0

[Event "*** MasterClass Titled Tuesday Blitz"]
[Site "Chess.com"]
[Date "2017.12.05"]
[Round "10"]
[White "nicegg"]
[Black "Mistheoretical"]
[Result "0-1"]
[WhiteElo "1986"]
[BlackElo "2263"]
[TimeControl "180+2"]
[EndTime "16:29:47 PST"]
[Termination "Mistheoretical won by checkmate"]

1. e4 e6 2. d4 d5 3. Nc3 Bb4 4.
e5 Ne7 5. a3 Bxc3+ 6. bxc3 b6 7. Qg4 Ng6 8. h4 h5 9. Qg5 Qxg5 10. hxg5 Ba6 11. Be2 Bxe2 12. Nxe2 Nc6 13. Nf4 Nxf4 14.
Bxf4 Ne7 15. O-O-O Ng6 16. Be3 O-O-O 17. Rh3 Rh7 18.
Rdh1 Rdh8 19. g4 h4 20. f4 Kb7 21. f5 Ne7 22. g6 fxg6 23. fxe6 Nc6 24. Bg5 Re8 25.
Rxh4 Rxh4 26. Rxh4 Rxe6 27. Rh7 Na5 28. Rxg7 Nc4 29. a4 a6 30. Bd8 Rc6 31. Rf7 Ne3 32. Kd2 Nxg4 33. Re7 Nh6 34. e6 Nf5 35. Re8 Ng7 36.
Rg8 Nxe6 37. Bf6 g5 38. Bxg5 Rd6 39. Bf6 Rd7 40. Be5 Nd8 41. Kd3 Nc6 42. Bg3 Na5 43.
Rg5 Nc4 44. Be5 a5 45. Bf4 c6 46. Be5 b5 47. axb5 cxb5 48. Rg1 a4 49. Rb1 Kc6 50. Rg1 Re7 51. Rg6+ Kb7 52. Bd6 Re3# 0-1

[Event "*** MasterClass Titled Tuesday Blitz"]
[Site "Chess.com"]
[Date "2017.12.05"]
[Round "10"]
[White "1random"]
[Black "Apocalyps999"]
[Result "1-0"]
[WhiteElo "2225"]
[BlackElo "2387"]
[TimeControl "180+2"]
[EndTime "16:29:56 PST"]
[Termination "1random won by checkmate"]

1. e4 c5 2. Nf3 d6 3. c3 Nf6 4. h3 g6 5. Bd3 Bg7 6. O-O O-O 7. Bc2 Nc6 8. d4 b6 9. Re1 Bb7 10. d5 Ne5 11. Nxe5 dxe5 12. Nd2 b5 13. a4 a6 14. Qe2 Qd7 15. axb5 axb5 16. Rxa8 Rxa8 17.
c4 Nh5 18. cxb5 Nf4 19. Qf1 e6 20. dxe6 Nxe6 21. Bd3 Nd4 22. Bc4 Kh8 23. Nb3 Qc7 24. Nxd4 exd4 25. f4 f5 26. exf5 gxf5 27. Qd3 Be4 28.
Qb3 Qa5 29. Rf1 Rd8 30. Rd1 Bf6 31. Bd2 Qa8 32. Bf1 d3 33. Bc3 Bd4+ 34. Bxd4+ Rxd4 35. Qc3 Qd5 36. Bxd3 Bxg2 37. Bc4 Qxc4 38. Rxd4 Qf1+ 39.
Kh2 Qh1+ 40. Kg3 Qxh3+ 41. Kf2 cxd4 42. Qxd4+ Kg8 43. Qd8+ Kf7 44. Qd7+ Kf6 45. Qd6+ Kf7 46. Qc7+ Kg6 47. Qd6+ Kh5 48. Qd1+ Kh4 49. Qd8+ Kh5 50.
Qg5# 1-0

[Event "*** MasterClass Titled Tuesday Blitz"]
[Site "Chess.com"]
[Date "2017.12.05"]
[Round "10"]
[White "StellarChessPro"]
[Black "nubair1198"]
[Result "1/2-1/2"]
[WhiteElo "2350"]
[BlackElo "2522"]
[TimeControl "180+2"]
[EndTime "16:30:02 PST"]
[Termination "Game drawn - insufficient material"]

1. d4 Nf6 2. Bg5 g6 3. Bxf6 exf6 4. e3 Bg7 5. Ne2 O-O 6. h4 h5 7. Nf4 d5 8. c4 dxc4 9. Bxc4 b5 10. Bd5 c6 11. Bb3 Bf5 12. Nc3 a5 13. a3 Re8 14.
Kf1 Qd6 15. Nxh5 gxh5 16. Qxh5 Be6 17. Bc2 Nd7 18. Ne4 Qd5 19. Qf3 Qc4+ 20. Qe2 Qxe2+ 21. Kxe2 Bd5 22. Nd6 Re6 23. Nf5 c5 24. Rh2 Be4 25. Bxe4 Rxe4 26. Rh3 Bf8 27. Rg3+ Kh7 28. Rd1 cxd4 29. Nxd4 Ne5 30. f4 Nc4 31. Nf5 Nb6 32. Nd6 Re6 33. Nxb5 Rae8 34. Nc7 Bc5 35. Nxe8 Rxe8 36.
Rc1 Bd4 37. Rc6 Nd5 38. Kd3 Bxe3 39. Rf3 Nxf4+ 40. Kc2 Kg7 41. Rg3+ Kf8 42. Rxf6 Nh5 43. Rxe3 Nxf6 44. Rf3 Kg7 45. Rf5 a4 46. Ra5 Re4 47.
g3 Rg4 48. Rg5+ Rxg5 49. hxg5 Ne4 50. b3 axb3+ 51. Kxb3 Kg6 52. Kc4 Nd2+ 53. Kd3 Nb3 54. Kc4 Na5+ 55. Kb5 Nb3 56. Kb4 Nd4 57. Kc4 Nc6 58.
Kb5 Nd4+ 59. Kc4 Nc6 60. Kb5 Nd4+ 61. Kc4 Nc6 62. a4 Kxg5 63. Kb5 Nd4+ 64. Kc4 Nc6 65.
Kb5 Nd4+ 66. Kc4 Ne6 67. Kd5 Kg4 68. Ke5 Nc7 69. Kf6 Kxg3 70. Kxf7 Kf4 71. Ke7 Ke5 72. Kd7 Kd5 73. a5 Kc5 74. Kxc7 Kb5 75. a6 Kxa6 1/2-1/2

[Event "*** MasterClass Titled Tuesday Blitz"]
[Site "Chess.com"]
[Date "2017.12.05"]
[Round "10"]
[White "Zkid"]
[Black "TijanaBlagojevic"]
[Result "1-0"]
[WhiteElo "2574"]
[BlackElo "2321"]
[TimeControl "180+2"]
[EndTime "16:30:05 PST"]
[Termination "Zkid won by resignation"]

1. e4 e5 2. Nf3 Nc6 3. Bb5 Nf6 4. Bxc6 dxc6 5. d3 Bd6 6. b3 O-O 7. Bb2 Nd7 8. Nbd2 c5 9. Nc4 Re8 10. h4 Nf8 11. Ncxe5 b5 12. Qd2 f6 13. Nc6 Qd7 14.
Na5 Qg4 15. Rg1 Ng6 16. a4 a6 17. Qe2 Nf4 18. Qf1 c4 19. O-O-O cxd3 20. cxd3 bxa4 21. Nd4 a3 22. Bc3 Be5 23. g3 Bxd4 24. gxf4 Qxf4+ 25. Bd2 Qe5 26. Nc4 Qc5 27. Kb1 Be6 28. Ka2 Rab8 29. Rb1 Bxc4 30. bxc4 Rb2+ 31. Rxb2 axb2 32. Qd1 Bxf2 33.
Rg2 Bd4 34. Qa4 Rb8 35. Kb1 Be5 36. Qd7 Qf8 37. Bh6 f5 38. Qe6+ Qf7 39. Qxe5 g6 40. Rxb2 Re8 41. Qd5 fxe4 42. dxe4 c6 43. Qxf7+ Kxf7 44. Rb7+ Kf6 45. Bg5+ Ke5 46. Kc2 Kd4 47. Rxh7 Rxe4 48.
Rg7 Re2+ 49. Kb3 Rg2 50. Rxg6 Rg3+ 51. Kb4 c5+ 52. Ka5 Ra3+ 53. Kb6 Kxc4 54. h5 Rb3+ 55. Kc6 a5 56. Bf6 Rh3 57. h6 a4 58. Rg4+ Kb3 59.
Rh4 Rf3 60. Be5 a3 61. h7 Rf8 62. h8=Q Rxh8 63. Rxh8 a2 64. Kxc5 1-0

[Event "*** MasterClass Titled Tuesday Blitz"]
[Site "Chess.com"]
[Date "2017.12.05"]
[Round "10"]
[White "Rsnr"]
[Black "bascheyaro"]
[Result "1-0"]
[WhiteElo "2656"]
[BlackElo "2625"]
[TimeControl "180+2"]
[EndTime "16:30:07 PST"]
[Termination "Rsnr won by resignation"]

1. d4 d5 2. c4 c6 3. Nf3 Nf6 4. Nc3 g6 5. Bf4 Bg7 6. e3 O-O 7. h3 Nbd7 8. Rc1 dxc4 9. Bxc4 b5 10. Bd3 Bb7 11. O-O a6 12. a4 Rc8 13. b4 Qb6 14. a5 Qa7 15. e4 Rfd8 16. Qe2 Nf8 17. Be3 Qb8 18. Rfd1 Ba8 19. Ne5 N6d7 20. f4 e6 21. Bc2 Qd6 22. Rb1 Qe7 23. Qf2 Nf6 24. Nd3 N8d7 25.
e5 Nd5 26. Ne4 Nxe3 27. Qxe3 Rb8 28. Ndc5 Nxc5 29. dxc5 Rd5 30. Bb3 Rbd8 31. Bxd5 cxd5 32. Nd6 Bc6 33. Qd4 Qa7 34. Kh2 h5 35. g3 Kf8 36.
g4 hxg4 37. hxg4 g5 38. Kg3 Ke7 39. f5 Kd7 40. f6 Bf8 41. Rh1 Bxd6 42. exd6 Re8 43.
Qe5 d4 44. Rh7 Rf8 45. Re1 Kd8 46. Qxd4 Qd7 47. Qe5 Kc8 48. Re2 Kb8 49. Reh2 Ka7 50. Rh8 Rxh8 51. Rxh8 Qb7 52. Qe3 Qd7 53. Rf8 Kb7 54.
Qxg5 Ka7 55. Qg7 Bb7 56. Rxf7 Qc6 57. Rxb7+ 1-0

[Event "*** MasterClass Titled Tuesday Blitz"]
[Site "Chess.com"]
[Date "2017.12.05"]
[Round "10"]
[White "johannesh"]
[Black "Vamostodorecto"]
[Result "1/2-1/2"]
[WhiteElo "2306"]
[BlackElo "2330"]
[TimeControl "180+2"]
[EndTime "16:30:26 PST"]
[Termination "Game drawn - insufficient material"]

1. d4 Nf6 2. c4 g6 3. Nf3 Bg7 4. g3 d5 5. cxd5 Nxd5 6. Bg2 O-O 7. O-O Nb6 8. Nc3 Nc6 9. e3 a5 10. b3 Bg4 11. h3 Bd7 12. Bb2 Qc8 13. Kh2 Rd8 14. Qe2 a4 15. d5 a3 16. dxc6 Bxc6 17. Rfd1 axb2 18. Qxb2 Qf5 19. Nd4 Bxd4 20. exd4 Bxg2 21.
Kxg2 Nd5 22. Nxd5 Rxd5 23. Qc3 c6 24. Rd2 Rad8 25. Rad1 Qe4+ 26. Kg1 e5 27. Qe3 Qf5 28. dxe5 Rxd2 29. Rxd2 Rxd2 30. Qxd2 Qxe5 31. h4 h5 32. Kh2 Kg7 33. a4 Qf6 34. a5 Qf5 35. b4 f6 36. Qe2 Kh6 37. Qe3+ g5 38. Kg2 Kg6 39. hxg5 fxg5 40. Qe8+ Qf7 41. Qe4+ Qf5 42. Qe8+ Qf7 43. Qe4+ Kg7 44. Qe5+ Qf6 45. Qc7+ Qf7 46. Qe5+ Kh6 47. b5 cxb5 48. Qxb5 Qe7 49. a6 bxa6 50. Qxa6+ Kg7 51. Qd3 Qf6 52. Qf3 Qg6 53. Qb7+ Kh6 54. Qd5 Qf6 55. Qf3 Kg6 56. Qxf6+ Kxf6 57. Kf3 Kf5 58. g4+ hxg4+ 59. Kg3 Kg6 60. Kxg4 Kf6 61. f4 gxf4 62. Kxf4 1/2-1/2

[Event "*** MasterClass Titled Tuesday Blitz"]
[Site "Chess.com"]
[Date "2017.12.05"]
[Round "10"]
[White "josmito10"]
[Black "Bryakin_Mikhail"]
[Result "1-0"]
[WhiteElo "2481"]
[BlackElo "2539"]
[TimeControl "180+2"]
[EndTime "16:30:30 PST"]
[Termination "josmito10 won on time"]

1. d4 d5 2. c4 c6 3. Nf3 Nf6 4. Qc2 a6 5. Bf4 b5 6. cxd5 cxd5 7. e3 Bb7 8. Bd3 e6 9. O-O Bd6 10. Bxd6 Qxd6 11. Ne5 Nbd7 12. f4 O-O 13. Qe2 Ne4 14. Nd2 Nxd2 15. Qxd2 f6 16. Nf3 Rac8 17. Rac1 f5 18.
Qa5 g6 19. a4 bxa4 20. Qxa4 Nb6 21. Qb3 Rxc1 22. Rxc1 Rc8 23. Rxc8+ Bxc8 24. Ne5 Kg7 25. Qc3 Bb7 26. Qa5 Nc4 27. Nxc4 dxc4 28. Bxc4 Qc6 29. Bf1 Kf7 30. Qe5 Kg8 31. h4 Kf7 32. h5 gxh5 33. Qh8 Qe4 34. Qxh7+ Kf8 35. Kf2 Qc2+ 36. Be2 Qxb2 37. Qh6+ Ke7 38. Qxh5 Bd5 39. Qh7+ Kf6 40. g4 fxg4 41. Qh6+ Kf7 42. Qh5+ Ke7 43. Qxg4 Bc4 44. Qg7+ Ke8 45. Qh8+ Ke7 46. Qh4+ Kd7 47. Qh7+ Ke8 48. Qh5+ Kd7 49. Ke1 Qc1+ 50. Kf2 Qb2 51. Qf3 a5 52.
f5 1-0

[Event "*** MasterClass Titled Tuesday Blitz"]
[Site "Chess.com"]
[Date "2017.12.05"]
[Round "10"]
[White "Gattass"]
[Black "aa175"]
[Result "1/2-1/2"]
[WhiteElo "2119"]
[BlackElo "1876"]
[TimeControl "180+2"]
[EndTime "16:30:49 PST"]
[Termination "Game drawn - insufficient material"]

1. e4 e5 2. Nf3 Nc6 3. d4 exd4 4.
Nxd4 Bc5 5. Nxc6 dxc6 6. Qxd8+ Kxd8 7. Bf4 Ne7 8. Nd2 Be6 9. Bc4 Bb4 10. c3 Bd6 11. Be3 b6 12. O-O-O Kc8 13. Bxe6+ fxe6 14. Nc4 Rd8 15. e5 Bc5 16. Bxc5 bxc5 17. Rxd8+ Kxd8 18. Rd1+ Ke8 19. f4 Nf5 20. Na5 Ne3 21. Rd2 Rd8 22. Rxd8+ Kxd8 23. Nxc6+ Kd7 24. Nxa7 Nxg2 25.
a4 Nxf4 26. Kd2 Ng6 27. b4 cxb4 28. cxb4 Nxe5 29. b5 g5 30. a5 Nc4+ 31. Kd3 Nxa5 32. Ke4 Nc4 33. Nc6 Nd6+ 34. Ke5 Nxb5 35. Nb8+ Kc8 36.
Nc6 Kd7 37. Nb8+ Ke7 38. Nc6+ Kf7 39. Nd8+ Kg6 40. Nxe6 c6 41. Nd8 Na7 42. Ne6 h5 43. Nf8+ Kh6 44. Nd7 h4 45. Kf5 Nb5 46. Ne5 Nd4+ 47.
Kg4 c5 48. Nf7+ Kg6 49. Nxg5 c4 50. Ne4 Nf5 51. h3 Ng3 52. Nc3 Nf5 53. Nd5 Nd6 54.
Kxh4 Ne4 55. Nf4+ Kf5 56. Ne2 Nd2 57. Kh5 Nf3 58. Kh6 Kf6 59. Nf4 c3 60. Nd5+ Kf5 61. Nxc3 Kf4 62. Ne2+ Ke3 63. Ng3 Kf2 64. Nf5 Kg2 65. h4 Nxh4 66. Nxh4+ 1/2-1/2

[Event "*** MasterClass Titled Tuesday Blitz"]
[Site "Chess.com"]
[Date "2017.12.05"]
[Round "10"]
[White "Dr_Nezard"]
[Black "dawtonlms"]
[Result "0-1"]
[WhiteElo "2290"]
[BlackElo "2260"]
[TimeControl "180+2"]
[EndTime "16:31:24 PST"]
[Termination "dawtonlms won by checkmate"]

1. Nf3 Nf6 2. g3 g6 3. Bg2 Bg7 4. O-O O-O 5. d4 d6 6. Re1 Nc6 7. e4 e5 8. c3 Re8 9. Nbd2 a6 10. a4 d5 11. exd5 Nxd5 12. dxe5 Bg4 13. Qb3 Na5 14. Qa2 Be6 15. Qa3 Nb6 16. Qc5 Nbc4 17. Qd4 c5 18. Qxd8 Raxd8 19. Nxc4 Bxc4 20. Nd2 Bd3 21. b4 cxb4 22.
cxb4 Nc6 23. Bxc6 bxc6 24. Bb2 Rb8 25. Bc3 c5 26. bxc5 Rec8 27. Ne4 Bxe4 28. Rxe4 Rxc5 29. Bd4 Rc4 30. Rae1 Rbb4 31. e6 fxe6 32. Rxe6 Rxd4 33. Rxa6 Re4 34. Ra8+ Kf7 35. Ra7+ Kf8 36. Rxe4 Rxe4 37. Ra8+ Kf7 38. Ra7+ Re7 39. Ra8 Bd4 40. Kf1 Rb7 41. a5 Rb2 42. f4 Rxh2 43. a6 Ra2 44. g4 h5 45. gxh5 gxh5 46. Rd8 Bf6 47. Rd7+ Kg6 48. a7 h4 49. Ke1 h3 50. Rd3 Bh4+ 51. Kd1 h2 52.
Rh3 Rxa7 53. Ke2 Ra2+ 54. Kf1 Bf6 55. Rg3+ Kf5 56. Rh3 Kxf4 57. Rh4+ Kg5 58. Rh3 Rb2 59. Rg3+ Kf5 60. Rh3 Kg4 61. Rh7 Kf3 62. Rh3+ Kg4 63.
Rh7 Bg5 64. Rh8 Kg3 65. Rh5 Rb1+ 66. Ke2 h1=Q 67. Rxg5+ Kf4 68. Rd5 Qe1+ 69. Kd3 Rb3+ 70. Kc4 Qb4# 0-1

[Event "*** MasterClass Titled Tuesday Blitz"]
[Site "Chess.com"]
[Date "2017.12.05"]
[Round "10"]
[White "Colombiano07"]
[Black "DiogenesSinopeus"]
[Result "1-0"]
[WhiteElo "2212"]
[BlackElo "2344"]
[TimeControl "180+2"]
[EndTime "16:31:46 PST"]
[Termination "Colombiano07 won by resignation"]

1. e4 c5 2. Nc3 Nc6 3. Bb5 Nd4 4. Nf3 e6 5. Nxd4 cxd4 6. Ne2 Qb6 7. Bd3 Ne7 8. O-O Nc6 9. c3 Be7 10. Qa4 Ne5 11. Bb1 dxc3 12. bxc3 O-O 13. d4 Ng6 14. Be3 Qc7 15. Bd3 b6 16. f3 Bb7 17. c4 d6 18. Rac1 Rfd8 19. Rfd1 Nf8 20. Qb5 Nd7 21. Qh5 Nf6 22. Qh3 e5 23. Ng3 Bc8 24. Nf5 Bxf5 25. Qxf5 Qc8 26. Qg5 Qe6 27. d5 Qc8 28. f4 Qd7 29.
fxe5 Nxd5 30. Qg3 Nxe3 31. Qxe3 dxe5 32. Kh1 Bc5 33. Qg3 Qe7 34. Be2 Bd4 35. Bg4 Rd6 36. Rf1 Rad8 37. Bh5 Rf6 38. Rf3 g6 39. Qg5 Re6 40.
Qg3 Kh8 41. Rcf1 f5 42. exf5 e4 43. fxe6 exf3 44. Bxf3 Qxe6 45. Bd5 Qe7 46. h3 Be5 47. Qg4 Bg7 48. Qg3 Rf8 49. Re1 Qc5 50. Qe3 Bd4 51. Qe7 Qxe7 52. Rxe7 Rf1+ 53. Kh2 Bg1+ 54. Kg3 a5 55.
Rb7 Ra1 56. h4 Bc5 57. h5 gxh5 58. Kh4 Rxa2 59. Kxh5 Rf2 60. g4 Rf8 61. g5 a4 62.
g6 hxg6+ 63. Kxg6 Rg8+ 64. Bxg8 Kxg8 65. Rb8+ Bf8 66. Ra8 a3 67. Kf6 a2 68. Rxa2 Bc5 69.
Ra7 Bd4+ 70. Ke6 Kf8 71. Kd5 Bc5 72. Kc6 Ke8 73. Rb7 Kd8 74. Rxb6 Bxb6 75. Kxb6 Kc8 76.
Kc6 Kb8 77. Kd7 Kb7 78. c5 Kb8 79. c6 Ka7 80. c7 1-0